 Dungeon Crawl Stone Soup version 0.30.0-29-ga12c61a403 (webtiles) character file.

Game seed: 8257721762035792942

19 explorer the Insei (level 2, -2/22 HPs)
             Began as a Djinni Transmuter on June 15, 2023.
             Slain by Terence
             ... wielding a +1 vampiric short sword
              (8 damage)
             ... on level 2 of the Dungeon.
             The game lasted 00:05:42 (629 turns).

explorer the Insei (Djinni Transmuter)               Turns: 629, Time: 00:05:43

Health: -2/22      AC:  3    Str:  9    XL:     2   Next: 95%
Gold:   106        EV: 12    Int: 14    God:
                   SH:  0    Dex: 13

rFire   + +          .
                       - Unarmed
rCold   x . .        (no shield)
rNeg    . . .        a - +0 robe
rPois   ∞            (helmet restricted)
rElec   .            (no cloak)
rCorr   .            (no gloves)
SInv    .            (boots unavailable)
Will    .....        (no amulet)
Stlth   +            (no ring)
HPRegen 0.23/turn    (no ring)
MPRegen 0.00/turn

%: infuse magic (-3 HP)
@: wereblooded, flying
A: sickness immunity, fire resistance 2, cold vulnerability 1, float, innate
caster, HP casting, extra vitality 1, horns 1, iridescent scales 1, deformed
body
a: no special abilities


You were on level 2 of the Dungeon.
You visited 1 branch of the dungeon, and saw 2 of its levels.

You collected 106 gold pieces.

Inventory:

Armour
 a - a +0 robe (worn)
Potions
 b - 2 potions of lignification
 c - a potion of curing {unknown}


   Skills:
 + Level 1.0 Fighting
 + Level 2.4 Dodging
 + Level 3.7 Unarmed Combat
 + Level 1.6 Spellcasting


You knew the following spells:

 Your Spells              Type           Power      Damage    Failure   Level
a - Beastly Appendage     Tmut           10%        N/A       13%         1
b - Wereblood             Tmut           5%         N/A       19%         2
c - Spider Form           Tmut/Pois      5%         N/A       36%         3
d - Ice Form              Ice/Tmut       5%         N/A       77%         4
Your spell library was empty.

Dungeon Overview and Level Annotations

Branches:
Dungeon (2/15)

Altars:

Annotations:
D:2 Terence


Innate Abilities, Weirdness & Mutations

You are immune to sickness and miasma.
You are immune to poison.
Your flesh is very heat resistant. (rF++)
You are vulnerable to cold. (rC-)
You float through the air rather than walking.
You learn spells naturally, not from books.
Your magical power is your life essence.
You have superior vitality. (+4 MHP)
You have a pair of small horns on your head.
You are partially covered in iridescent scales. (AC +2)
Armour fits poorly on your strangely shaped body.


Message History

Terence is moderately wounded.
Terence hits you with a +1 vampiric short sword.
You hit Terence.
Terence is moderately wounded.
Terence barely misses you.
You completely miss Terence. Your headbutt misses Terence.
Terence is moderately wounded.
Terence closely misses you.
You hit Terence but do no damage.
Terence is moderately wounded.
Terence misses you.
You hit Terence but do no damage. You headbutt Terence.
Terence is severely wounded.
Terence barely misses you.
You hit Terence but do no damage.
Terence is severely wounded.
Terence hits you but does no damage.
You hit Terence but do no damage.
Terence is severely wounded.
Terence barely misses you.
You hit Terence but do no damage.
Terence is severely wounded.
Terence barely misses you.
You closely miss Terence. You headbutt Terence, but do no damage.
Terence is severely wounded.
Terence hits you with a +1 vampiric short sword.
* * * LOW HITPOINT WARNING * * *
You barely miss Terence. You headbutt Terence.
Terence is severely wounded.
Terence hits you with a +1 vampiric short sword.
* * * LOW HITPOINT WARNING * * *
You hit Terence but do no damage. Your headbutt misses Terence.
Terence is severely wounded.
You barely miss Terence.
Terence is severely wounded.
Terence misses you.
You hit Terence but do no damage.
Terence is severely wounded.
Terence hits you with a +1 vampiric short sword!
You die... ###########.. #..@@........ #.#########..

You could see Terence.

Vanquished Creatures
  A dart slug (D:1)
  4 ball pythons (D:1)
  A bat (D:1)
  An endoplasm (D:1)
  A hobgoblin (D:1)
  3 jackals (D:1)
  A quokka (D:1)
  A frilled lizard (D:1)
  A goblin (D:1)
  A kobold (D:1)
  A rat (D:1)
16 creatures vanquished.

Notes
Turn   | Place    | Note
-------+----------+-------------------------------------------
     0 | D:1      | explorer the Djinni Transmuter began the quest for the Orb.
     0 | D:1      | explorer set off with the following spells memorised:
                  | Beastly Appendage, Wereblood, Spider Form, Ice Form.
     0 | D:1      | Reached XP level 1. HP: 17/17 MP: 0/0
    88 | D:1      | Gained mutation: Armour fits poorly on your strangely
                  | shaped body. [potion of mutation]
    88 | D:1      | Gained mutation: You are partially covered in iridescent
                  | scales. (AC +2) [potion of mutation]
    88 | D:1      | Gained mutation: You have a pair of small horns on your
                  | head. [potion of mutation]
   138 | D:1      | Reached XP level 2. HP: 20/22 MP: 0/0
   612 | D:2      | Noticed Terence
   629 | D:2      | Slain by Terence

Illustrated notes

Levels and vault maps discovered:
D:1:      psy_arrival_dodecagon, layout_loops_cross
D:2:      layout_basic, serial_glass, glass_columns_a, glass_columns_b,
          uniq_terence

Action                     || total
---------------------------++-------
  Melee: Unarmed           ||    75
         Headbutt          ||    14
   Cast: Beastly Appendage ||     1
         Wereblood         ||     2
    Use: Scroll            ||     6
         Potion            ||     1
 Armour: Robe              ||    17
  Dodge: Dodged            ||    52
